 Dungeon Crawl Stone Soup version 0.19.5 (webtiles) character file.

21 QuCean the Poker (level 2, 0/22 HPs)
             Began as a Vampire Wanderer on May 4, 2017.
             Slain by a hobgoblin
             ... wielding a +0 club
              (3 damage)
             ... on level 2 of the Dungeon.
             The game lasted 00:06:23 (1227 turns).

QuCean the Poker (Vampire Wanderer)                 Turns: 1227, Time: 00:06:24

Health: 0/22       AC:  2    Str: 13    XL:     2   Next: 62%
Magic:  2/2        EV: 16    Int: 14    God:
Gold:   43         SH:  4    Dex: 14    Spells: 0 memorised, 1 level left

rFire  . . .     SeeInvis +     k - -3 spear (curse)
rCold  . . .     Gourm    .     d - +0 robe
rNeg   + . .     Faith    .     c - +0 buckler
rPois  .         Spirit   .     (no helmet)
rElec  .         Reflect  .     (no cloak)
rCorr  .         Harm     .     (no gloves)
MR     .....                    (no boots)
Stlth  ++........               (no amulet)
                                g - +3 ring of strength
                                j - +5 ring of evasion

@: lethally poisoned (0 -> -9)
A: fangs 3, see invisible, unbreathing
a: no special abilities


You were on level 2 of the Dungeon.
You were not thirsty.

You visited 1 branch of the dungeon, and saw 2 of its levels.

You collected 43 gold pieces.

Inventory:

Hand Weapons
 a - a +2 spear
 e - a +0 dagger
 k - a cursed -3 spear (weapon)
Armour
 c - a +0 buckler (worn)
 d - a +0 robe (worn)
Jewellery
 g - a +3 ring of strength (right hand)
 j - a +5 ring of evasion (left hand)
Scrolls
 m - a scroll of enchant armour {unknown}
 n - a scroll of enchant weapon {unknown}
Potions
 b - a potion of lignification
 f - 7 potions of blood
 o - a potion of agility {unknown}
Comestibles
 h - a bread ration
 i - 2 meat rations
 l - a slice of pizza


   Skills:
 + Level 2.0 Fighting
 + Level 3.2 Polearms
 + Level 1.3 Dodging
 + Level 3.1 Stealth
 + Level 1.8 Shields


You had one spell level left.
You didn't know any spells.

Dungeon Overview and Level Annotations

Branches:
Dungeon (2/15)

Altars:


Innate Abilities, Weirdness & Mutations

You have razor-sharp teeth.
You have supernaturally acute eyesight. (SInv)
You can survive without breathing.


Message History

You feel sick. The adder bites you. The hobgoblin hits you with a club.
You barely miss the adder.
The adder is moderately wounded.
The adder bites you but does no damage. The giant cockroach bites you.
The adder completely misses you.
The hobgoblin hits you but does no damage.
The giant cockroach completely misses you.
You hit the adder.
The adder is heavily wounded.
The giant cockroach closely misses you. The hobgoblin hits you with a club.
* * * LOW HITPOINT WARNING * * *
The adder misses you. The adder barely misses you.
The giant cockroach closely misses you. The adder bites you.
* * * LOW HITPOINT WARNING * * *
You are more poisoned.
The adder poisons you!
You barely miss the kobold. You bite the kobold, but do no damage.
* * * LOW HITPOINT WARNING * * *
You feel sick. The hobgoblin hits you with a club.
You die...

##..### #.#. ...
.<...####.#. ...
#..#.%...... . #.#
##.......... ..### #.#
##.........##
....###.##...##.###†###
#........####.###..#.
.#####Kg..###...........
......S@(.....##......##
....#..sS.###.###....###
......#...# #..###..## .
....####### #÷..##### .
... #....# .. ## #....#
.$ #...## #..## #.##


You could see 2 adders, a giant cockroach, a hobgoblin and a kobold.

Vanquished Creatures
  A giant cockroach (D:2)
  A goblin (D:1)
  2 hobgoblins (D:1)
  2 jackals (D:1)
  A ball python (D:2)
  2 bats
  5 frilled lizards (D:1)
  4 kobolds (D:1)
  5 rats (D:1)
23 creatures vanquished.

Notes
Turn   | Place    | Note
-------+----------+-------------------------------------------
     0 | D:1      | QuCean the Vampire Wanderer began the quest for the Orb.
     0 | D:1      | QuCean set off with: a +2 spear, a potion of lignification, a +0 buckler, a +0 robe, a +0 dagger, a potion of blood
     0 | D:1      | Reached XP level 1. HP: 16/16 MP: 1/1
   590 | D:1      | Reached XP level 2. HP: 19/22 MP: 2/2
  1227 | D:2      | Slain by a hobgoblin

Skill      XL: |  1 |
---------------+----+-----
Fighting       | 2 |  2.0
Polearms       | 3 |  3.2
Dodging        | |  1.3
Stealth        | |  3.1
Shields        | |  1.8

Action                   || total
-------------------------++-------
Melee: Spear             ||    69
       Bite              ||     6
  Use: Scroll            ||     2
       Potion            ||     2
 Stab: Sleeping          ||     2
Armor: Robe              ||    13
Dodge: Dodged            ||    63
Block: Buckler           ||    18
